 Dungeon Sprint DCSS version 0.30-a0-263-ge22c4ad894 (webtiles) character file.

Game seed: 10556031178461893327

1 rocky1 the Caller (level 1, 10/10 HPs)
             Began as a Deep Elf Summoner on Oct 14, 2022.
             Quit the game in the Dungeon (Sprint VII: "The Pits").
             The game lasted 00:00:25 (137 turns).

rocky1 the Caller (Deep Elf Summoner)                Turns: 137, Time: 00:00:26

Health: 10/10      AC:  2    Str:  5    XL:     1   Next: 16%
Magic:  6/6        EV: 12    Int: 19    God:
Gold:   0          SH:  0    Dex: 15    Spells: 5/6 levels left

rFire   . . .      SeeInvis .    (no weapon)
rCold   . . .      Faith    .    (no shield)
rNeg    . . .      Spirit   .    a - +0 robe
rPois   .          Reflect  .    (no helmet)
rElec   .          Harm     .    (no cloak)
rCorr   .          Rampage  .    (no gloves)
Will    .....      NoTele   +    (no boots)
Stlth   ++........               (no amulet)
HPRegen 0.21/turn                (no ring)
MPRegen 0.10/turn                (no ring)

@: no status effects
A: no striking features
a: no special abilities


You were in the Dungeon.
You visited 1 branch

Inventory:

Armour
 a - a +0 robe (worn)
Scrolls
 g - a scroll of blinking
Potions
 b - 3 potions of magic
 c - a potion of curing
 d - a potion of heal wounds
 e - a potion of haste
 f - a potion of berserk rage


   Skills:
 + Level 2.5 Dodging
 + Level 2.5 Stealth
 + Level 3.1 Spellcasting
 + Level 4.8 Summonings


You had 5 spell levels left.
You knew the following spells:

 Your Spells              Type           Power      Damage    Failure   Level
a - Summon Small Mammal   Summ           84%        N/A       1%          1

Your spell library contained the following spells:

 Spells                   Type           Power      Damage    Failure   Level
 Call Imp                 Summ           21%        N/A       3%          2
 Call Canine Familiar     Summ           21%        N/A       6%          3
 Summon Guardian Golem    Hex/Summ       12%        N/A       17%         3
 Summon Lightning Spire   Summ/Air       12%        N/A       50%         4


Dungeon Overview and Level Annotations

Branches:
Dungeon (1/1)

Altars:


Message History

Aim: a giant cockroach (moderately wounded, ally target) Attack!
The giant cockroach closely misses you.
Your rat bites the giant cockroach but does no damage.
The giant cockroach bites you but does no damage.
Your rat barely misses the giant cockroach.
The giant cockroach bites you but does no damage.
The giant cockroach closely misses you.
Your rat bites the giant cockroach.
Casting: Summon Small Mammal (safe; 2% risk of failure)
Confirm with . or Enter, or press ? or * to list all spells.
The giant cockroach bites you but does no damage.
Your rat misses the giant cockroach. The giant cockroach misses you.
Your rat barely misses the giant cockroach.
The giant cockroach closely misses you.
Your rat barely misses the giant cockroach. x2
The giant cockroach bites you but does no damage.
Your rat bites the giant cockroach.
Your rat barely misses the giant cockroach.
The giant cockroach bites you. The giant cockroach closely misses you.
Your rat barely misses the giant cockroach.
Your rat closely misses the giant cockroach.
Your rat bites the giant cockroach.
Your rat misses the giant cockroach. The giant cockroach barely misses you.
Your rat bites the giant cockroach but does no damage. x2
The giant cockroach bites you but does no damage.
Your rat misses the giant cockroach.
Your rat barely misses the giant cockroach.
The giant cockroach barely misses you.
Your rat closely misses the giant cockroach.
The giant cockroach misses you.
Your rat closely misses the giant cockroach.
The giant cockroach closely misses you.
Your rat bites the giant cockroach.
The giant cockroach dies!
You swap places.
There is an open door to the Storerooms (Easy) here.
You start waiting.
Your rat disappears in a puff of smoke! x2
Done waiting.
Are you sure you want to abandon this character and quit the game? (Confirm with "yes".)

##########++ #+
#........... +.
#......#..#.
######.##...........
.......@'...........
###+#####......#..#.
#...........
####'#####++
#.......# #.......#
#.......# #...<...#
#.......#


There were no monsters in sight!

Vanquished Creatures (collateral kills)
  A giant cockroach (D)
1 creature vanquished.

Notes
Turn   | Place    | Note
-------+----------+-------------------------------------------
     0 | D        | rocky1 the Deep Elf Summoner began the quest for the Orb.
     0 | D        | Reached XP level 1. HP: 10/10 MP: 6/6
   137 | D        | Quit the game

Illustrated notes

Levels and vault maps discovered:
D:        pitsprint [storerooms_1, entrance_room_1, metal_vault_1, armoury_2,
          mini_pit_1, grid_room_1, main_hall_1, silver_pit, the_coven_1,
          the_vestibule_1, steel_vault_4, golden_pit, hallway_of_sentries,
          crystal_vault_1, iron_vault_1, final_vault]

Action                   || total
-------------------------++-------
Melee: Unarmed           ||     3
 Cast: Summon Small Mamm ||     2
Armor: Robe              ||     7
Dodge: Dodged            ||    13

Table legend: (Time is in decaauts)
 A = Elapsed time spent in this place.
 B = Non-inter-level travel time spent in this place.
 C = Inter-level travel time spent in this place.
 D = Time resting spent in this place.
 E = Time spent auto-exploring this place.
 F = Levels seen in this place.
 G = Mean time per level.
                   A        B        C        D        E       F      G
               +--------+--------+--------+--------+--------+-----+--------+
         Total |    137 |    137 |      0 |    100 |      0 |   1 |  137.0 |
       Dungeon |    137 |    137 |      0 |    100 |      0 |   1 |  137.0 |
               +--------+--------+--------+--------+--------+-----+--------+

Top non-repeatable levels by time:
       D: 137 daAuts
